 Dungeon Crawl Stone Soup version 0.17-a0-1572-g7a1422d (console) character file.

3074 utis the Protected (level 9, -6/56 HPs)
             Began as a Tengu Fighter on July 24, 2015.
             Mangled by Menkaure (15 damage)
             ... on level 7 of the Dungeon.
             The game lasted 00:33:53 (11912 turns).

utis the Protected (Tengu Fighter)                 Turns: 11912, Time: 00:33:55

Health: -6/56      AC: 13    Str: 21    XL:     9   Next: 88%
Magic:  7/10       EV: 14    Int: 11    God:
Gold:   130        SH: 11    Dex: 15    Spells: 0 memorised, 8 levels left

rFire  . . .     SeeInvis .     G - -1 morningstar
rCold  . . .     Clarity  .     K - +0 scale mail
rNeg   . . .     SustAt   .     I - +2 shield
rPois  .         Gourm    .     z - +2 hat
rElec  .         Spirit   .     D - +2 cloak {MR+}
rCorr  +         Warding  .     (no gloves)
rMut   .         Stasis   .     (boots unavailable)
MR     +....                    s - amulet of resist corrosion
Stlth  +.........               (no ring)
                                y - ring of stealth

@: mighty, flying quickly and evasively, quick, somewhat resistant to hostile
enchantments, very unstealthy
A: beak, talons 3, able to fly 1
a: no special abilities


You were on level 7 of the Dungeon.
You were not hungry.

You visited 2 branches of the dungeon, and saw 8 of its levels.

You collected 394 gold pieces.
You spent 264 gold pieces at shops.

Inventory:

Hand weapons
 a - a +0 flail of draining
 b - a +3 hunting sling of flaming
 c - a +0 blowgun
 E - a +0 flail
 G - a -1 morningstar (weapon)
 H - a +2 quarterstaff of chaos
 Q - the +5 scimitar of Ijuogong {venom, *Confuse +Fly rF- Str+9}
   (You found it on level 7 of the Dungeon)

   It poisons the flesh of those it strikes.
   It affects your strength (+9).
   It makes you vulnerable to fire.
   It lets you fly.
   It may confuse you when you take damage.
Missiles
 g - 63 sling bullets
 h - 2 needles of paralysis
 i - 154 stones (quivered)
 u - 6 curare-tipped needles {=f}
 v - 34 poisoned needles
 N - 3 tomahawks
 P - 15 sling bullets of frost
Armour
 r - a +3 leather armour
 z - a +2 hat (worn)
 D - a +2 cloak of magic resistance (worn)
 I - a +2 shield (worn)
 K - a +0 scale mail (worn)
Jewellery
 s - an amulet of resist corrosion (around neck)
 y - a ring of stealth (left hand)
 R - an uncursed ring of protection from fire {unknown}
Magical devices
 w - a wand of enslavement (18)
Scrolls
 l - 2 scrolls of noise {unknown}
 p - 2 scrolls of teleportation {!r}
 t - 2 scrolls of random uselessness {unknown}
 x - a scroll of remove curse
 A - a scroll of magic mapping {unknown}
 B - a scroll of amnesia {unknown}
 M - a scroll of recharging
 S - a scroll of immolation {unknown}
 T - a scroll of holy word {unknown}
Potions
 f - 3 potions of lignification
 j - a potion of haste
 k - a potion of ambrosia
 n - a potion of cancellation
 q - 2 potions of flight
 F - 3 potions of cure mutation {!q}
 J - a potion of berserk rage {unknown}
 L - a potion of poison {unknown}
 O - a potion of brilliance {unknown}
Comestibles
 e - 6 bread rations
 m - 4 meat rations
 C - 7 chunks of flesh


   Skills:
 + Level 6.8 Fighting
 + Level 8.0 Maces & Flails
 + Level 8.2 Armour
 + Level 7.3 Dodging
 - Level 3.0 Shields


You had 8 spell levels left.
You didn't know any spells.

Dungeon Overview and Level Annotations

Branches:
Dungeon (7/15)             Temple (1/1) D:7

Altars:
Ashenzari
Cheibriados
Dithmenos
Elyvilon
Fedhas
Gozag
Makhleb
Nemelex Xobeh
Okawaru
Qazlal
Ru
Sif Muna
Trog
Vehumet
Yredelemnul
Zin
The Shining One
Lugonu

Shops:
D:4 ?   D:5 *

Annotations:
D:7 Menkaure


Innate Abilities, Weirdness & Mutations

You have a beak for a mouth.
You have claws for feet.
You can fly.


Message History

Your peck misses Menkaure.
Menkaure calls on the powers of darkness!
Your body is wracked with pain!
You sock Menkaure!
Menkaure is moderately damaged.
Menkaure misses you. Menkaure hits you!
* * * LOW HITPOINT WARNING * * *
Drink which item? (? for menu, Esc to quit)
You feel better. Menkaure hits you.
* * * LOW HITPOINT WARNING * * *
Drink which item? (? for menu, Esc to quit)
You feel very mighty all of a sudden. You block Menkaure's attack.
You sock Menkaure! You peck Menkaure.
Menkaure is almost destroyed.
Menkaure calls on the powers of darkness!
Your body is wracked with pain!
* * * LOW HITPOINT WARNING * * *
Menkaure hits you!
You die...

▓▓▓▓▓▓▓ ▓▓▓▓
▓▓▓▓...... ...▓
▓▓....▓
▓▓▓▓.▓▓▓▓▓..▓..▓▓▓
........▓..▓▓▓...▓
▓▓▓▓..▓.....▓..▓.▓
▓ ▓..............▓
▓ ▓▓▓.▓
▓.▓▓..▓▓..M▓▓▓.▓
.... ▓.▓▓..▓▓▓Q▓▓
▓.......§ ▓
▓..▓▓.▓▓..▓ ▓.▓
▓▓▓➘...§§ ▓
▓..>......▓ ▓.▓
▓.M... ▓
▓▓▓.▓...▓▓▓▓ ▓+▓
....▓ ▓ ▓.......▓
..▓▓ ▓ ▓.▓.▓...▓
.▓ ▓ ▓.▓..▓▓▓▓ .▓
▓▓▓.▓...▓▓▓▓
...........+


You could see Menkaure.

Vanquished Creatures
  Pikel (D:5)
  Grinder (D:6)
  Sigmund (D:6)
  Eustachio (D:6)
  A water moccasin (D:5)
  Duvessa (D:5)
  3 ogres
  A centaur (D:5)
  2 slaves (D:5)
  3 phantoms
  Dowan (D:5)
  A centaur zombie (D:5)
  2 hounds
  A quasit (D:5)
  2 crimson imps (D:5)
  5 orc wizards
  Crazy Yiuf (D:5)
  Ijyb (D:3)
  2 jellies
  A centaur skeleton (D:4)
  4 iguanas
  8 worker ants
  4 orc priests
  A hound zombie (D:5)
  A hound skeleton (D:5)
  5 adders
  11 gnolls
  2 shadow imps (D:5)
  3 oozes
  An adder zombie (D:5)
  4 worms
  4 giant geckos
  26 orcs
  10 bats
  A bat skeleton (D:4)
  A bat zombie (D:6)
  8 giant cockroaches
  13 goblins
  14 hobgoblins
  6 quokkas
  5 giant newts
  10 jackals
  15 kobolds
  9 rats
198 creatures vanquished.

Vanquished Creatures (others)
  2 fungi (D:5)
2 creatures vanquished.

Grand Total: 200 creatures vanquished

Notes
Turn   | Place    | Note
--------------------------------------------------------------
     0 | D:1      | utis the Tengu Fighter began the quest for the Orb.
     0 | D:1      | Reached XP level 1. HP: 14/14 MP: 2/2
   394 | D:1      | Reached XP level 2. HP: 19/19 MP: 3/3
   994 | D:2      | Reached XP level 3. HP: 23/23 MP: 4/4
  1005 | D:2      | Found a white marble altar of Elyvilon.
  1008 | D:2      | Found a burning altar of Makhleb.
  1008 | D:2      | Found an opulent altar of Gozag.
  1452 | D:2      | Reached skill level 4 in Maces & Flails
  1671 | D:2      | Reached skill level 1 in Dodging
  1793 | D:2      | Reached XP level 4. HP: 14/28 MP: 5/5
  2837 | D:3      | Noticed Ijyb
  2855 | D:3      | Killed Ijyb
  2855 | D:3      | Gained mutation: You can fly. [Tengu growth]
  2855 | D:3      | Reached XP level 5. HP: 27/32 MP: 6/6
  3463 | D:3      | Found a blossoming altar of Fedhas.
  3836 | D:3      | Noticed a phantom
  3872 | D:3      | Killed a phantom
  3892 | D:3      | Reached XP level 6. HP: 16/37 MP: 7/7
  4675 | D:4      | Reached skill level 5 in Maces & Flails
  4675 | D:4      | Reached skill level 5 in Armour
  5181 | D:4      | Reached XP level 7. HP: 42/42 MP: 4/8
  5571 | D:4      | Found a stormy altar of Qazlal.
  6387 | D:4      | Found Askedearph's Magic Scroll Emporium.
  6426 | D:4      | Bought a scroll of identify for 24 gold pieces
  6426 | D:4      | Bought a scroll of enchant armour for 90 gold pieces
  6426 | D:4      | Bought a scroll of blinking for 90 gold pieces
  6426 | D:4      | Bought a scroll of identify for 24 gold pieces
  6742 | D:5      | Entered Level 5 of the Dungeon
  6742 | D:5      | Noticed Pikel
  7097 | D:5      | Found Qigygoh's General Store.
  7106 | D:5      | Found a snail-covered altar of Cheibriados.
  7432 | D:5      | Reached XP level 8. HP: 42/48 MP: 7/9
  7694 | D:5      | Found a snail-covered altar of Cheibriados.
  7746 | D:5      | Reached skill level 6 in Armour
  7947 | D:4      | Bought a scroll of remove curse for 36 gold pieces
  8490 | D:5      | Noticed Dowan
  8502 | D:5      | Noticed Duvessa
  8541 | D:5      | Killed Dowan
  8541 | D:5      | Reached skill level 5 in Fighting
  8620 | D:5      | Reached skill level 5 in Dodging
  9033 | D:5      | Noticed Crazy Yiuf
  9041 | D:5      | Killed Crazy Yiuf
  9102 | D:5      | Found a snail-covered altar of Cheibriados.
  9112 | D:5      | Found Qigygoh's General Store.
  9903 | D:5      | Killed Pikel
  9903 | D:5      | Reached skill level 7 in Armour
  9903 | D:5      | Reached XP level 9. HP: 52/55 MP: 10/10
 10294 | D:5      | Killed Duvessa
 10303 | D:5      | Found a snail-covered altar of Cheibriados.
 10433 | D:6      | Noticed Eustachio
 10487 | D:6      | Killed Eustachio
 10660 | D:6      | Noticed Sigmund
 10679 | D:6      | Killed Sigmund
 10894 | D:6      | YAY!!
 11000 | D:6      | Noticed Grinder
 11103 | D:6      | Killed Grinder
 11103 | D:6      | Reached skill level 8 in Armour
 11309 | D:6      | Found a sacrificial altar of Ru.
 11610 | D:7      | Found a staircase to the Ecumenical Temple.
 11612 | D:7      | Got a crystal scimitar
 11625 | D:7      | Identified the +5 scimitar of Ijuogong {venom, *Confuse +Fly rF- Str+9} (You found it on level 7 of the Dungeon)
 11643 | Temple   | Entered the Ecumenical Temple
 11898 | D:7      | Found a radiant altar of Vehumet.
 11898 | D:7      | Noticed Menkaure
 11912 | D:7      | Mangled by Menkaure

Vault maps used:
D:1:      onia_arrival_pentagram
D:2:      minmay_door_path, grunt_temple_overflow_open
D:3:      lemuel_crystal_altar, uniq_iyjb
D:4:      nicolae_qazlal_eye_of_the_storm, serial_shops, shop, st_stairs_14,
          minmay_misc_feat_rugged
D:5:      slow_altar_2, serial_shops, nicolae_shop_waterfront, first_bread,
          cheibriados_altar_1, uniq_duvessa, uniq_pikel, uniq_crazy_yiuf_cottage
D:6:      lemuel_coloured_pillars_altar, hex_intersection, uniq_eustachio,
          uniq_sigmund, uniq_grinder
D:7:      nicolae_overflow_hidden_temple, fiery_altar_vehumet,
          minmay_temple_entry_overgrown, uniq_menkaure
Temple:   corrupted_temple

Action                   |  1- 3 |  4- 6 |  7- 9 || total
-------------------------+-------+-------+-------++-------
Melee: Flail             |    94 |   191 |   352 ||   637
       Morningstar       |       |       |   169 ||   169
 Fire: Blowgun           |       |       |    34 ||    34
       Hunting sling     |       |       |     1 ||     1
Throw: Stone             |    26 |    86 |   114 ||   226
 Abil: Fly               |       |     8 |    46 ||    54
  Use: Scroll            |     3 |     2 |    11 ||    16
       Potion            |       |       |     2 ||     2
 Stab: Paralysed         |       |       |     1 ||     1
  Eat: Chunk             |     3 |     5 |    27 ||    35
       Pizza             |       |     1 |       ||     1
       Meat ration       |       |     1 |       ||     1
       Royal jelly       |       |       |     1 ||     1
